Map: Interloper LE

Players

Jmrc

  • Race: Protoss Protoss
  • League: Silver
  • Spawn Location: 11:00

Winthrowe - Winner!

  • Race: Protoss Protoss
  • League: Silver
  • Spawn Location: 5:00

VOD

Have the link to the VOD?

Description

Time

  • Played on: Aug. 30, 2017, 9:34 p.m.
  • Length: 20:29
Show
View Real Time Build Order
Export as new Build Order

Jmrc Protoss 

Build Orders: Blink Stalkers 

Get SALT Encoding   

  12  0:02  Probe (Chrono Boost)  
  13  0:12  Probe (Chrono Boost)  
  14  0:21  Pylon  
  14  0:25  Probe (Chrono Boost)  
  15  0:39  Probe (Chrono Boost)  
  15  0:42  Gateway  
  16  0:45  Assimilator  
  17  0:50  Probe (Chrono Boost)  
  17  1:03  Gateway, Probe (Chrono Boost)  
  18  1:13  Probe (Chrono Boost)  
  19  1:18  Assimilator  
  19  1:30  Cybernetics Core  
  19  1:32  Pylon  
  19  1:36  Probe (Chrono Boost)  
  20  1:46  Probe (Chrono Boost)  
  21  1:56  Gateway  
  21  1:57  Probe (Chrono Boost)  
  22  2:07  Forge  
  22  2:11  Warp Gate (Chrono Boost)  
  22  2:16  Pylon  
  22  2:24  Stalker  
  22  2:28  Stalker  
  26  2:43  Twilight Council  
  26  2:49  Stalker  
  28  2:54  Protoss Ground Weapons Level 1  
  28  3:02  Stalker  
  30  3:10  Stalker  
  32  3:32  Photon Cannon  
  32  3:35  Stalker  
  32  3:37  Pylon  
  34  3:47  Blink (Chrono Boost)  
  34  4:00  Stalker  
  36  4:06  Adept  
  38  4:33  Probe  
  38  4:34  Gateway  
  39  4:38  Robotics Facility  
  39  4:42  Stalker  
  41  5:03  Photon Cannon  
  39  5:30  Stalker x3  
  45  5:36  Protoss Ground Weapons Level 2 (Chrono Boost)  
  45  6:06  Nexus  
  45  6:07  Probe  
  46  6:16  Pylon  
  46  6:19  Probe  
  47  6:59  Stalker x4  
  55  7:10  Pylon  
  55  7:12  Pylon  
  55  7:17  Photon Cannon  
  55  7:18  Photon Cannon  
  55  7:44  Stalker x3  
  55  7:45  Stalker  
  55  7:47  Probe  
  62  7:58  Probe  
  63  8:08  Probe  
  63  8:10  Dark Shrine  
  64  8:13  Warp Prism  
  64  8:18  Protoss Ground Armor Level 1 (Chrono Boost)  
  64  8:19  Probe  
  67  8:42  Stalker x3  
  73  9:06  Nexus  
  73  9:21  Gateway  
  73  9:22  Gateway, Probe  
  74  9:34  Shadow Stride, Probe  
  75  9:42  Assimilator  
  75  9:45  Assimilator  
  75  9:49  Pylon  
  75  9:58  Pylon  
  75  10:00  Robotics Bay  
  75  10:03  Protoss Ground Armor Level 2 (Chrono Boost)  
  75  10:10  Forge  
  75  10:18  Assimilator  
  75  10:22  Assimilator  
  75  10:28  Probe  
  76  10:39  Probe  
  77  10:50  Gravitic Drive (Chrono Boost), Probe  
  78  10:57  Protoss Shields Level 1 (Chrono Boost)  
  78  11:00  Probe  
  79  11:07  Immortal  
  79  11:11  Probe  
  84  11:21  Probe  
  84  11:24  Gateway  
  85  11:27  Stargate  
  85  11:32  Probe  
  85  11:36  Probe  
  87  11:43  Probe x2  
  87  11:46  Immortal  
  93  11:47  Probe  
  94  11:55  Probe x2  
  94  11:57  Probe  
  97  12:07  Probe  
  97  12:08  Probe  
  97  12:20  Probe  
  92  12:24  Dark Templar x3  
  92  12:25  Immortal  
  92  12:26  Dark Templar  
  74  12:50  Dark Templar x2  
  49  13:08  Void Ray  
  49  13:12  Dark Templar x2  
  52  13:15  Pylon  
  48  13:27  Stalker x3  
  54  13:48  Cybernetics Core  
  54  13:49  Probe  
  54  13:52  Dark Templar x3  
  60  14:01  Probe  
  48  15:13  Nexus  
  48  15:24  Pylon  
  48  15:25  Pylon  
  42  15:43  Probe  
  42  15:55  Probe  
  43  16:07  Probe  
  44  16:16  Nexus  
  42  16:26  Probe  
  43  16:38  Probe  
  43  17:14  Pylon  
  43  17:15  Pylon  
  43  17:16  Pylon  
  43  17:27  Nexus  
  43  17:33  Probe  
  44  17:45  Probe  
  38  18:36  Nexus  
  22  19:28  Void Ray (Chrono Boost), Pylon  
  22  19:30  Pylon  
  22  19:31  Pylon  
  26  19:50  Probe  
  27  20:00  Probe  
  32  20:11  Probe  
Show
View Real Time Build Order
Export as new Build Order

Winthrowe Protoss - Winner!

Build Orders: Double Forge 

Get SALT Encoding   

  12  0:02  Probe (Chrono Boost)  
  13  0:13  Probe (Chrono Boost)  
  14  0:18  Pylon  
  14  0:24  Probe (Chrono Boost)  
  15  0:31  Assimilator  
  15  0:36  Probe (Chrono Boost)  
  16  0:48  Gateway  
  17  0:50  Probe (Chrono Boost)  
  17  1:00  Probe (Chrono Boost)  
  18  1:12  Probe (Chrono Boost)  
  19  1:23  Probe (Chrono Boost)  
  20  1:33  Probe (Chrono Boost)  
  21  1:44  Cybernetics Core  
  21  1:46  Probe (Chrono Boost)  
  22  1:56  Probe (Chrono Boost)  
  22  2:00  Nexus  
  23  2:19  Pylon  
  23  2:31  Assimilator  
  23  2:37  Zealot  
  23  2:38  Mothership Core (Chrono Boost)  
  27  2:52  Pylon  
  27  2:56  Probe (Chrono Boost)  
  28  3:00  Gateway  
  28  3:02  Warp Gate (Chrono Boost)  
  28  3:11  Robotics Facility  
  28  3:13  Zealot  
  30  3:28  Gateway  
  30  3:33  Gateway  
  30  3:35  Gateway  
  30  3:41  Stargate  
  30  4:01  Probe x2 (Chrono Boost)  
  30  4:02  Pylon  
  32  4:11  Probe x2 (Chrono Boost)  
  34  4:30  Fleet Beacon  
  34  4:37  Forge  
  34  4:38  Forge, Probe  
  34  4:40  Probe  
  36  5:04  Assimilator  
  36  5:20  Zealot  
  38  5:21  Zealot  
  38  5:22  Zealot  
  38  5:27  Zealot x2  
  46  5:49  Assimilator, Gateway  
  46  5:57  Probe  
  46  5:58  Probe  
  46  6:01  Zealot  
  46  6:02  Zealot x2  
  46  6:03  Zealot x2  
  58  6:08  Probe  
  58  6:10  Probe  
  58  6:25  Pylon  
  54  6:26  Pylon  
  54  6:30  Pylon  
  50  6:46  Stalker x2  
  50  6:47  Stalker x3  
  50  6:59  Stalker  
  52  7:02  Probe  
  52  7:03  Probe  
  54  7:12  Probe  
  55  7:15  Probe  
  56  7:23  Stalker x2  
  56  7:24  Stalker x2  
  56  7:25  Stalker  
  56  7:26  Stalker  
  56  7:28  Nexus  
  64  7:46  Protoss Ground Weapons Level 1  
  64  7:47  Protoss Ground Armor Level 1  
  64  7:56  Protoss Air Armor Level 1 (Chrono Boost)  
  64  8:03  Probe  
  64  8:04  Probe  
  66  8:13  Probe  
  66  8:16  Probe  
  68  8:28  Pylon  
  74  8:50  Zealot x3  
  74  8:51  Zealot x3  
  86  9:28  Observer  
  86  9:30  Carrier (Chrono Boost)  
  86  9:31  Gateway x2  
  93  9:33  Protoss Air Weapons Level 1 (Chrono Boost)  
  93  9:34  Gateway  
  93  9:38  Pylon  
  93  9:40  Pylon  
  93  9:41  Protoss Shields Level 1  
  93  9:43  Pylon  
  93  9:58  Twilight Council  
  93  9:59  Immortal  
  97  10:08  Sentry  
  97  10:13  Zealot x3  
  97  10:14  Zealot x2  
  109  10:39  Immortal  
  113  10:48  Carrier (Chrono Boost)  
  119  10:56  Zealot x3  
  125  10:58  Zealot  
  127  11:18  Immortal  
  131  11:39  Assimilator  
  131  11:44  Assimilator  
  111  12:38  Stalker x3  
  111  12:39  Stalker  
Tags
 
Composition
Blink Stalkers
Matchup
PvP
Spawn Locations
Cross Positions
Add a new tag
Caveats
  • Supply blocks, unpowered buildings, or Contaminate may cause inaccurate times.
  • Supply counts are checked every 10 seconds.